Map: [ESL] Alcyone

Players

Spirit - Winner!

  • Race: Terran Terran
  • Spawn Location: 7:00

GunGFuBanDa

  • Race: Protoss Protoss
  • Spawn Location: 1:00

Event: ESL SC2 Masters 2024 Spring (Regional)

VOD

Have the link to the VOD?

Description

Time

  • Played on: April 26, 2024, 11:08 a.m.
  • Length: 16:36

All games in this series

Show
View Real Time Build Order
Export as new Build Order

Spirit Terran - Winner!

Build Orders:  

Get SALT Encoding   

  12  0:00  SCV  
  13  0:12  SCV  
  14  0:16  Supply Depot  
  14  0:24  SCV  
  15  0:38  SCV  
  15  0:40  Barracks  
  16  0:50  SCV  
  16  0:52  Refinery  
  17  1:02  SCV  
  18  1:07  Engineering Bay  
  18  1:14  SCV  
  19  1:29  Marine  
  19  1:30  Orbital Command  
  20  1:48  Barracks Reactor  
  20  1:56  Command Center  
  20  1:59  SCV  
  21  2:08  Supply Depot  
  21  2:11  SCV  
  22  2:20  Factory  
  22  2:23  SCV  
  22  2:29  Marine x2  
  25  2:34  Bunker  
  25  2:35  SCV  
  26  2:37  Refinery  
  26  2:47  SCV, Marine x2  
  29  3:00  SCV  
  29  3:05  Marine x2  
  31  3:07  Cyclone  
  31  3:08  Orbital Command  
  32  3:21  Starport  
  32  3:22  Marine  
  32  3:23  Marine  
  33  3:37  SCV x2  
  33  3:40  Marine  
  34  3:44  Cyclone  
  36  3:49  SCV x2  
  36  3:51  Marine  
  39  3:59  Medivac, Supply Depot  
  39  4:01  SCV x2  
  43  4:11  Supply Depot  
  43  4:12  Marine  
  43  4:13  SCV x2  
  46  4:20  Marine  
  49  4:24  Supply Depot  
  49  4:25  SCV  
  49  4:30  Marine  
  51  4:31  Factory Tech Lab  
  51  4:32  Liberator  
  51  4:34  SCV  
  53  4:39  Barracks x2  
  53  4:40  SCV, Supply Depot  
  53  4:42  Marine  
  55  4:46  SCV  
  55  4:48  Marine  
  55  4:52  SCV  
  58  4:53  Siege Tank  
  58  4:58  SCV  
  62  5:00  Marine  
  62  5:04  SCV, Refinery  
  63  5:10  SCV  
  56  5:17  Starport Tech Lab  
  56  5:18  Marine  
  56  5:19  SCV  
  56  5:20  Command Center  
  56  5:21  Marine  
  54  5:24  SCV  
  54  5:28  Barracks Tech Lab  
  54  5:29  Barracks Tech Lab  
  54  5:31  SCV  
  55  5:36  SCV, Marine  
  55  5:38  Raven, Marine  
  60  5:42  Refinery  
  60  5:46  Supply Depot  
  60  5:47  Stimpack  
  60  5:48  Combat Shield  
  60  5:53  SCV, Marine  
  60  5:54  SCV  
  60  5:56  Siege Tank  
  66  6:00  Engineering Bay  
  66  6:02  Engineering Bay  
  66  6:05  SCV, Marine  
  69  6:13  SCV  
  69  6:14  Supply Depot  
  69  6:16  Marine  
  69  6:18  SCV  
  73  6:20  Marauder x2  
  73  6:24  Starport Reactor  
  73  6:25  SCV  
  76  6:28  Terran Infantry Weapons Level 1, Terran Infantry Armor Level 1  
  76  6:36  SCV  
  76  6:37  SCV  
  78  6:41  Supply Depot, Barracks  
  78  6:42  Barracks  
  78  6:43  Factory Reactor  
  78  6:45  Marauder  
  80  6:48  SCV  
  80  6:49  SCV  
  80  6:52  Marine  
  80  6:53  Marauder  
  85  7:00  SCV  
  86  7:01  SCV, Orbital Command  
  86  7:04  Marine  
  86  7:06  Marauder  
  86  7:08  Supply Depot  
  90  7:12  SCV, Marine  
  90  7:13  SCV  
  90  7:15  Marauder  
  95  7:16  Supply Depot  
  95  7:18  Medivac x2  
  95  7:21  Widow Mine  
  95  7:22  Marine  
  102  7:24  SCV  
  102  7:25  SCV  
  102  7:27  SCV, Concussive Shells, Marauder  
  107  7:30  Barracks Tech Lab, Marine  
  107  7:34  Ghost Academy  
  107  7:35  Marauder  
  107  7:36  SCV  
  111  7:37  SCV  
  111  7:39  SCV  
  111  7:42  Widow Mine  
  111  7:43  Marauder, Marine  
  118  7:47  Marine  
  118  7:48  SCV, Sensor Tower, Refinery  
  118  7:49  SCV, Refinery  
  122  7:51  SCV  
  122  7:57  Armory  
  122  8:00  SCV, Marauder x2  
  122  8:02  SCV  
  122  8:03  SCV  
  122  8:04  Medivac x2  
  133  8:07  Marine  
  133  8:16  Command Center  
  133  8:20  Supply Depot  
  133  8:21  SCV, Supply Depot x2, Marauder, Marine  
  133  8:25  Marine  
  133  8:26  Marauder  
  140  8:38  Marauder  
  140  8:39  Marine  
  140  8:40  Marauder  
  141  8:42  Marine  
  141  8:43  Marine  
  141  8:47  Marauder  
  118  8:57  Marine  
  118  8:58  Medivac x2  
  118  8:59  Marine  
  118  9:01  Marine x2, Marauder  
  118  9:02  Widow Mine x2  
  131  9:08  Marine  
  126  9:15  Marine  
  126  9:16  Terran Infantry Weapons Level 2, Terran Infantry Armor Level 2  
  126  9:17  Marine  
  120  9:19  SCV x3, Marauder, Marine  
  120  9:21  Marine  
  128  9:25  Widow Mine x2  
  128  9:26  Ghost  
  128  9:28  Medivac x2  
  128  9:31  SCV  
  139  9:33  Marine  
  139  9:34  Ghost  
  139  9:37  Planetary Fortress, Marine  
  139  9:38  SCV  
  141  9:39  Marine  
  141  9:40  Marine  
  141  9:45  SCV x2, Refinery  
  140  9:46  Refinery  
  140  9:50  SCV  
  140  9:51  Marine, Terran Ship Weapons Level 1  
  140  9:52  Barracks  
  142  9:53  Barracks  
  142  9:54  Barracks, Marine  
  142  9:55  Marauder  
  142  9:57  SCV  
  142  9:58  Marauder, Viking  
  150  10:01  Viking  
  152  10:16  Marauder, Marine  
  152  10:18  Starport, Fusion Core  
  152  10:20  Missile Turret  
  152  10:21  Command Center  
  155  10:22  Marine  
  155  10:24  Missile Turret  
  155  10:25  Marauder, Marine  
  157  10:31  Viking x2  
  157  10:34  Marine, Marauder  
  164  10:38  Marauder  
  164  10:40  Marine  
  164  10:42  Barracks Tech Lab x2, Marauder  
  169  10:43  Marauder  
  169  10:48  Marauder  
  172  10:52  Marine  
  172  10:54  Supply Depot, Command Center  
  173  10:59  Marine  
  173  11:00  Marine, Marauder  
  173  11:02  Marine  
  173  11:03  Marauder  
  171  11:06  Viking  
  171  11:07  Starport Reactor  
  164  11:11  Marine  
  164  11:12  Marauder  
  164  11:13  Marine  
  164  11:14  Marine  
  158  11:20  Marine  
  158  11:21  Marine  
  158  11:22  Marauder  
  158  11:24  Medivac  
  158  11:25  Marauder, Marine  
  151  11:30  Ghost, Marine  
  153  11:33  Marauder  
  153  11:38  Marine  
  160  11:42  SCV x2  
  160  11:43  SCV  
  168  11:48  Terran Ship Weapons Level 2  
  168  11:52  Terran Infantry Weapons Level 3, Terran Infantry Armor Level 3  
  168  11:53  Advanced Ballistics  
  157  12:00  Ghost x7  
  161  12:01  Marine x2  
  158  12:19  Marine  
  158  12:21  SCV x3  
  158  12:22  SCV  
  164  12:27  Medivac x2, Viking x2  
  164  12:28  Marine  
  164  12:29  Ghost, Marauder x2  
  180  12:30  Marine, Marauder x2  
  180  12:33  SCV, Marine  
  180  12:37  Marine  
  181  12:43  Missile Turret  
  182  12:46  Marine  
  182  12:48  Marauder  
  182  12:51  Marauder x5  
  194  12:54  Marine  
  194  12:57  Refinery, Viking  
  194  12:58  Refinery, Marauder  
  199  13:04  Planetary Fortress, Marine  
  200  13:07  Sensor Tower  
  200  13:19  Sensor Tower  
  200  13:24  Command Center  
  200  13:30  Starport  
  200  13:31  Starport  
  200  13:41  Caduceus Reactor  
  198  14:02  Command Center  
  199  14:05  Terran Vehicle And Ship Armor Level 1  
  199  14:09  Starport Reactor, Starport Tech Lab  
  199  14:15  Sensor Tower  
  199  14:17  Command Center  
  199  14:21  Missile Turret  
  199  14:22  Viking x3  
  192  14:29  Neosteel Armor  
  191  14:38  Missile Turret  
  186  14:53  Missile Turret  
  186  15:04  Liberator  
  185  15:18  Liberator x6  
  185  15:20  Marauder  
  200  15:26  Marine  
  200  15:27  Marauder  
  187  15:33  Marauder, Marine  
  187  15:34  Marauder, Marine  
  187  15:35  Marauder, Marine  
  190  15:36  Orbital Command  
  189  15:45  Marine  
  189  15:46  Marauder  
  189  15:47  Liberator  
  190  15:54  Marine  
  190  15:55  Marauder  
  185  16:01  Marine  
  185  16:02  Marauder  
  185  16:03  Marine, Marauder x3  
  192  16:07  Marauder  
  194  16:20  Missile Turret  
Show
View Real Time Build Order
Export as new Build Order

GunGFuBanDa Protoss 

Build Orders: Blink Stalkers 

Get SALT Encoding   

  12  0:00  Probe  
  13  0:12  Probe  
  14  0:16  Pylon  
  14  0:24  Probe (Chrono Boost)  
  16  0:36  Probe (Chrono Boost), Gateway  
  16  0:43  Probe (Chrono Boost)  
  16  0:45  Assimilator  
  17  0:51  Probe  
  18  1:03  Probe  
  19  1:15  Probe  
  20  1:24  Pylon  
  20  1:25  Zealot  
  22  1:28  Cybernetics Core, Probe  
  23  1:42  Probe  
  24  1:48  Assimilator  
  24  1:59  Probe  
  25  2:02  Adept (Chrono Boost)  
  25  2:06  Warp Gate  
  27  2:11  Probe  
  28  2:23  Probe  
  28  2:24  Pylon  
  28  2:26  Nexus  
  28  2:29  Adept (Chrono Boost)  
  31  2:42  Probe  
  32  2:45  Twilight Council  
  32  2:52  Stalker (Chrono Boost)  
  32  2:54  Probe  
  34  3:11  Probe (Chrono Boost)  
  35  3:19  Blink (Chrono Boost)  
  36  3:21  Probe (Chrono Boost)  
  36  3:26  Probe (Chrono Boost)  
  36  3:28  Gateway  
  33  3:38  Probe (Chrono Boost)  
  35  3:42  Gateway  
  35  3:43  Probe (Chrono Boost)  
  35  3:48  Probe (Chrono Boost)  
  34  3:52  Probe (Chrono Boost)  
  34  3:53  Sentry, Probe (Chrono Boost)  
  38  4:02  Probe  
  39  4:04  Shield Battery, Probe  
  40  4:14  Probe  
  40  4:16  Probe  
  40  4:17  Stalker  
  44  4:18  Pylon  
  44  4:22  Stalker  
  46  4:26  Probe  
  46  4:28  Probe  
  46  4:29  Robotics Facility  
  48  4:38  Probe  
  49  4:39  Nexus  
  49  4:45  Stalker  
  51  4:47  Stalker  
  51  4:50  Probe x2  
  55  4:57  Stalker  
  55  4:58  Pylon  
  53  5:20  Probe (Chrono Boost)  
  55  5:21  Nexus  
  55  5:24  Probe (Chrono Boost)  
  55  5:27  Observer  
  55  5:29  Assimilator, Stalker x3  
  55  5:32  Probe (Chrono Boost)  
  55  5:33  Pylon, Assimilator  
  64  5:36  Pylon  
  64  5:37  Probe (Chrono Boost)  
  64  5:38  Probe (Chrono Boost)  
  65  5:45  Probe (Chrono Boost)  
  67  5:52  Charge  
  67  5:54  Probe (Chrono Boost)  
  67  5:56  Probe (Chrono Boost), Forge  
  68  5:59  Shield Battery  
  68  6:01  Probe (Chrono Boost)  
  68  6:02  Probe  
  70  6:09  Sentry  
  76  6:12  Probe (Chrono Boost)  
  76  6:14  Robotics Bay  
  76  6:16  Probe (Chrono Boost)  
  74  6:19  Immortal  
  74  6:24  Probe (Chrono Boost)  
  79  6:27  Protoss Ground Weapons Level 1 (Chrono Boost)  
  79  6:31  Pylon, Probe (Chrono Boost)  
  79  6:32  Probe (Chrono Boost)  
  81  6:36  Gateway  
  81  6:37  Gateway  
  81  6:38  Probe x2  
  82  6:41  Gateway x2  
  82  6:44  Probe  
  82  6:46  Gateway  
  84  6:56  Probe  
  84  6:58  Colossus (Chrono Boost)  
  91  7:11  Pylon  
  91  7:12  Pylon  
  91  7:18  Probe x2  
  91  7:19  Extended Thermal Lance, Shield Battery  
  93  7:26  Nexus  
  93  7:28  Pylon  
  93  7:31  Probe  
  94  7:38  Colossus (Chrono Boost)  
  94  7:43  Zealot x2, Stalker x2  
  108  7:50  Probe x2  
  108  7:51  Pylon  
  110  7:55  Zealot x4  
  118  8:03  Shield Battery  
  118  8:19  Protoss Ground Weapons Level 2 (Chrono Boost), Colossus (Chrono Boost)  
  118  8:22  Pylon, Forge  
  118  8:24  Pylon  
  118  8:26  Pylon  
  124  8:39  Zealot x4  
  118  8:43  Zealot x4  
  86  8:57  Observer  
  86  9:01  Zealot  
  81  9:03  Zealot x4  
  85  9:11  Colossus (Chrono Boost)  
  91  9:17  Nexus  
  91  9:23  Probe x2  
  93  9:25  Zealot x5, Pylon  
  95  9:45  Shield Battery  
  95  9:46  Sentry x2, Stalker  
  95  9:51  Photon Cannon, Probe (Chrono Boost)  
  102  9:53  Pylon  
  102  9:55  Colossus (Chrono Boost)  
  108  10:01  Probe (Chrono Boost)  
  108  10:03  Observer, Probe (Chrono Boost)  
  108  10:06  Probe (Chrono Boost)  
  111  10:11  Probe (Chrono Boost)  
  111  10:12  Probe (Chrono Boost)  
  111  10:13  Stalker x2  
  118  10:15  Probe (Chrono Boost)  
  118  10:16  Probe (Chrono Boost)  
  118  10:17  Probe  
  120  10:25  Protoss Ground Armor Level 1 (Chrono Boost), Probe  
  120  10:26  Stalker, Probe  
  120  10:27  Zealot x2  
  128  10:33  Zealot  
  130  10:40  Colossus (Chrono Boost)  
  134  10:59  Zealot x6  
  130  11:14  Zealot x2  
  126  11:19  Pylon  
  126  11:21  Pylon  
  126  11:22  Warp Prism (Chrono Boost)  
  120  11:26  Zealot x5  
  124  11:33  Probe  
  124  11:35  Pylon, Probe x2  
  124  11:36  Probe  
  128  11:45  Probe  
  129  11:47  Probe x2  
  129  11:50  Stalker x7  
  145  11:56  Templar Archives  
  145  11:58  Protoss Ground Weapons Level 3 (Chrono Boost)  
  145  12:00  Immortal (Chrono Boost)  
  149  12:07  Zealot  
  151  12:22  Zealot x4  
  151  12:23  Zealot x3  
  151  12:24  Observer  
  151  12:26  Protoss Ground Armor Level 2 (Chrono Boost)  
  165  12:35  Disruptor (Chrono Boost)  
  169  12:49  High Templar x2  
  169  12:50  Nexus  
  173  12:51  Zealot x3  
  173  12:52  Zealot x3  
  173  12:55  Observer  
  173  12:56  Archon  
  185  13:03  Disruptor  
  189  13:06  Pylon  
  189  13:20  Assimilator  
  189  13:24  Probe x2  
  189  13:26  Pylon, Gateway  
  191  13:28  Dark Shrine, Gateway  
  189  13:42  Zealot x3  
  189  13:43  Zealot x2  
  189  13:45  Shield Battery  
  189  13:48  Pylon, Shield Battery  
  199  13:50  Gravitic Drive (Chrono Boost)  
  197  13:59  Zealot  
  197  14:12  Pylon  
  195  14:22  Gateway  
  191  14:26  Protoss Shields Level 1 (Chrono Boost)  
  191  14:29  Photon Cannon  
  191  14:30  Photon Cannon  
  183  14:41  Gravitic Boosters (Chrono Boost)  
  183  14:44  Zealot x7  
  183  14:45  Zealot  
  195  14:47  Disruptor (Chrono Boost)  
  189  14:55  Assimilator  
  189  14:57  Stargate  
  187  15:05  Nexus  
  173  15:15  Disruptor (Chrono Boost)  
  173  15:19  Zealot x11  
  115  15:41  Robotics Facility  
  115  15:42  Stalker x6  
  113  15:43  Stalker x4  
  113  15:45  Stalker x11  
  113  15:48  Disruptor (Chrono Boost)  
  107  16:08  Zealot x3  
  107  16:09  Zealot x8  
  113  16:17  Probe x2  
  80  16:26  Pylon  
  80  16:31  Stalker x6  
Tags
 
Add a new tag
Caveats
  • Supply blocks, unpowered buildings, or Contaminate may cause inaccurate times.
  • Supply counts are checked every 10 seconds.